WCHLSIM.com - West Coast Hockey League
html PUBLIC "-//W3C//DTD XHTML 1.0 Transitional//EN" "http://www.w3.org/TR/xhtml1/DTD/xhtml1-transitional.dtd"> WCHL - Game 1231 - SAN JOSE BRONCOS vs SPOKANE KNIGHTS

SAN JOSE BRONCOS vs SPOKANE KNIGHTS

Created - 16 mai 2021 at 20:12

Goals
1 2 3 T
SAN JOSE BRONCOS 0 0 0 0
SPOKANE KNIGHTS 1 1 1 3
Shots
1 2 3 T
SAN JOSE BRONCOS 8 6 7 21
SPOKANE KNIGHTS 9 10 6 25

1st period

1. SPOKANE KNIGHTS , Bryan Rust 36 (Matthew Tkachuk 52, Patrice Bergeron 53) at 3:32

Penalties :
No Penalty

2nd period

2. SPOKANE KNIGHTS , Nick Foligno 8 (Valeri Nichushkin 21, Victor Hedman 44) at 13:44 (SH)

Penalties :
Sebastian Aho (SPO) for Hooking (Minor) at 11:56

3rd period

3. SPOKANE KNIGHTS , Patrice Bergeron 43 (Patrick Kane 57) at 15:46 (PP)

Penalties :
Cale Makar (SPO) for Roughing (Minor) at 5:44, Patrick Kane (SPO) for Hooking (Minor) at 10:01, Marco Scandella (SJO) for Interference (Minor) at 14:07, Cale Makar (SPO) for Delaying the game (Minor) at 18:07

Goalie Stats

Jacob Markstrom (SJO), 22 saves from 25 shots - (0,880), L, 41-15-7, 60:00 minutes
Frederik Andersen (SPO), 21 saves from 21 shots - (1,000), W, 31-16-2, 60:00 minutes

Players Stats for SAN JOSE BRONCOS

Player Name              G  A  P  +/- PIM S  H  SB GA TA FO     MP     PP MP  PK MP  
------------------------------------------------------------------------------------
Adam Pelech              0  0  0  -1  0   0  3  1  0  0  0/0    16:17   0:00   0:47 
Anthony Beauvillier      0  0  0  -1  0   2  0  0  0  0  0/1    13:55   0:34   0:00 
Brayden Point            0  0  0  -1  0   3  0  0  0  0  12/24  20:57   4:18   0:00 
Charlie Coyle            0  0  0   0  0   1  0  0  0  0  3/4     5:15   0:00   0:00 
Chris Tanev              0  0  0  -1  0   0  3  0  0  0  0/0    21:17   4:30   0:52 
Claude Giroux            0  0  0   0  0   3  0  0  0  0  3/3    19:35   3:31   0:47 
Connor Brown             0  0  0  -1  0   1  0  0  0  0  0/1    18:43   3:26   0:00 
Craig Smith              0  0  0  -1  0   1  3  0  0  0  0/1    13:21   0:00   0:00 
David Kampf              0  0  0   0  0   0  0  0  0  0  0/1     5:15   0:00   0:00 
Elias Lindholm           0  0  0  -1  0   3  3  1  0  0  0/2    20:57   4:18   0:00 
Evgeni Malkin            0  0  0   0  0   3  1  0  0  0  9/15   19:40   3:31   0:52 
Hampus Lindholm          0  0  0  -1  0   0  1  2  0  0  0/0    21:12   4:30   0:47 
Jaccob Slavin            0  0  0   0  0   0  0  0  0  0  0/0    23:18   3:19   0:52 
Marco Scandella          0  0  0  -1  2   0  1  2  0  0  0/0    15:29   0:00   0:00 
Neal Pionk               0  0  0   0  0   0  1  1  0  0  0/0    22:26   3:19   0:00 
Nick Bonino              0  0  0  -1  0   2  0  0  0  0  5/15   14:08   0:00   0:47 
Oliver Bjorkstrand       0  0  0   0  0   1  1  0  0  0  0/1    21:20   3:49   0:52 
Tyler Motte              0  0  0   0  0   1  1  0  0  0  0/1     5:15   0:00   0:00 

Players Stats for SPOKANE KNIGHTS

Player Name              G  A  P  +/- PIM S  H  SB GA TA FO     MP     PP MP  PK MP  
------------------------------------------------------------------------------------
Bryan Rust               1  0  1   1  0   9  0  0  0  0  2/2    19:11   1:31   0:00 
Cale Makar               0  0  0   0  4   1  1  1  0  0  0/0    22:43   0:08   0:00 
Duncan Keith             0  0  0   1  0   0  0  1  0  0  0/0    22:16   0:08   4:51 
Garnet Hathaway          0  0  0   0  0   0  1  0  0  0  0/0     0:33   0:00   0:00 
Jared Spurgeon           0  0  0   1  0   1  4  0  0  0  0/0    25:35   0:00   2:58 
Jordan Weal              0  0  0   0  0   0  2  0  0  0  0/0    19:38   0:00   3:29 
Justin Abdelkader        0  0  0   0  0   0  0  0  0  0  0/0     8:39   0:00   0:00 
Mario Ferraro            0  0  0   0  0   0  0  0  0  0  0/0     0:00   0:00   0:00 
Matthew Tkachuk          0  1  1   1  0   2  1  0  0  0  0/1    18:44   0:08   0:20 
Nick Foligno             1  0  1   1  0   2  1  1  0  0  1/2    20:35   1:31   2:22 
Patrice Bergeron         1  1  2   1  0   2  0  0  0  0  8/17   18:08   0:08   0:00 
Patrick Kane             0  1  1   0  2   3  0  0  0  0  2/2    16:16   0:08   0:00 
Paul Stastny             0  0  0   0  0   2  0  1  0  0  16/26  22:51   1:31   5:27 
Roman Polak              0  0  0   0  0   0  0  2  0  0  0/0    15:29   0:00   4:51 
Sebastian Aho            0  0  0   0  2   2  0  0  0  0  8/18   17:36   1:31   0:00 
Tyler Pitlick            0  0  0   0  0   0  1  0  0  0  0/0     8:20   0:00   3:33 
Valeri Nichushkin        0  1  1   1  0   0  0  1  0  0  0/1    13:47   0:00   0:27 
Victor Hedman            0  1  1   2  0   1  2  2  0  0  0/0    21:46   1:31   2:58 

3 Stars

1 - Frederik Andersen (SPO)
2 - Patrice Bergeron (SPO)
3 - Nick Foligno (SPO)

Power Play

SAN JOSE BRONCOS - 0 on 4 Attempt(s) - 0,00%
SPOKANE KNIGHTS - 1 on 1 Attempt(s) - 100,00%

Penalty Kill

SAN JOSE BRONCOS - 0 on 1 Attempt(s) - 0,00% - Score 0 goal in Penalty Kill
SPOKANE KNIGHTS - 4 on 4 Attempt(s) - 100,00% - Score 1 goal in Penalty Kill

Team Stat

SAN JOSE BRONCOS - Hits : 18 - Faceoff Wins : 32 - Blocked Shots : 7 - Penalty Minutes : 2
SPOKANE KNIGHTS - Hits : 13 - Faceoff Wins : 37 - Blocked Shots : 9 - Penalty Minutes : 8

Official

Referees : Conor O'Donnell and Reid Anderson
Linesman : Jake Davis and Brian Mach

Game Notes

Valeri Nichushkin is injured at 1:38 of 3rd period (Sore Right Knee)

Finance

Level 1 -- Attendance: 8350 (100,00%) -- Ticket Income 1 294 250 $
Level 2 -- Attendance: 4969 (81,46%) -- Ticket Income 571 435 $
Level 3 -- Attendance: 2068 (86,17%) -- Ticket Income 204 732 $
Level 4 -- Attendance: 6000 (100,00%) -- Ticket Income 354 000 $
Luxury Box -- Attendance: 1103 (95,91%) -- Ticket Income 343 033 $
Total Attendance: 22490 (93,71%)
Total Ticket Income: 2 767 450 $
Other Expense: 27 674 $
Total Income: 2 739 776 $

SAN JOSE BRONCOS

5 vs 5 Forward 
   Center                   Left Wing                Right Wing               Time % Phy DF OF 
 1 Brayden Point            Oliver Bjorkstrand       Elias Lindholm           36     1   2  2  
 2 Evgeni Malkin            Claude Giroux            Connor Brown             33     1   2  2  
 3 Nick Bonino              Anthony Beauvillier      Craig Smith              25     1   2  2  
 4 Charlie Coyle            Tyler Motte              David Kampf              6      1   2  2  

5 vs 5 Defense 
   Defense                  Defense                                           Time % Phy DF OF 
 1 Jaccob Slavin            Neal Pionk                                        40     1   2  2  
 2 Chris Tanev              Hampus Lindholm                                   35     1   2  2  
 3 Marco Scandella          Adam Pelech                                       25     1   2  2  
 4 Jaccob Slavin            Neal Pionk                                        0      1   2  2  

PowerPlay Forward 
   Center                   Left Wing                Right Wing               Time % Phy DF OF 
 1 Brayden Point            Elias Lindholm           Connor Brown             58     1   2  2  
 2 Evgeni Malkin            Claude Giroux            Oliver Bjorkstrand       42     1   2  2  

PowerPlay Defense
   Defense                  Defense                                           Time % Phy DF OF 
 1 Jaccob Slavin            Neal Pionk                                        58     1   2  2  
 2 Hampus Lindholm          Chris Tanev                                       42     1   2  2  

Penalty Kill 4 Players Forward 
   Center                   Wing                     Time % Phy DF OF 
 1 Evgeni Malkin            Oliver Bjorkstrand       50     1   2  2  
 2 Nick Bonino              Claude Giroux            50     1   2  2  

Penalty Kill 4 Players Defense
   Defense                  Defense                  Time % Phy DF OF 
 1 Jaccob Slavin            Chris Tanev              50     1   2  2  
 2 Adam Pelech              Hampus Lindholm          50     1   2  2  

Penalty Kill - 3 Players Forward 
   Forward                                           Time % Phy DF OF 
 1 Nick Bonino                                       50     1   2  2  
 2 Evgeni Malkin                                     50     1   2  2  

Penalty Kill - 3 Players Defense
   Defense                  Defense                  Time % Phy DF OF 
 1 Jaccob Slavin            Chris Tanev              55     1   2  2  
 2 Adam Pelech              Hampus Lindholm          45     1   2  2  

4 vs 4 Forward 
   Center                   Wing                     Time % Phy DF OF 
 1 Brayden Point            Claude Giroux            50     1   2  2  
 2 Elias Lindholm           Anthony Beauvillier      50     1   2  2  

4 vs 4 Defense
   Defense                  Defense                  Time % Phy DF OF 
 1 Chris Tanev              Hampus Lindholm          50     1   2  2  
 2 Marco Scandella          Jaccob Slavin            50     1   2  2  

Last Minutes Offensive
   Center                   Left Wing                Right Wing               Defense                  Defense                  
   Evgeni Malkin            Claude Giroux            Elias Lindholm           Jaccob Slavin            Neal Pionk               

Last Minutes Defensive
   Center                   Left Wing                Right Wing               Defense                  Defense                  
   Evgeni Malkin            Oliver Bjorkstrand       Connor Brown             Chris Tanev              Jaccob Slavin            

Goaltenders
Starting : Jacob Markstrom          
Backup : Robin Lehner             

Extra Forwards
Normal : Connor Brown, Elias Lindholm, Charlie Coyle - PP : Oliver Bjorkstrand, Anthony Beauvillier - PK : Charlie Coyle
Extra Defensemen
Normal : Chris Tanev, Neal Pionk, Hampus Lindholm - PP : Chris Tanev - PK : Chris Tanev, Marco Scandella
Penalty Shots
Evgeni Malkin, Brayden Point, Elias Lindholm, Claude Giroux, Oliver Bjorkstrand
Custom OT Lines Forwards
Brayden Point, Claude Giroux, Evgeni Malkin, Oliver Bjorkstrand, Elias Lindholm, Connor Brown, Nick Bonino, Craig Smith, Charlie Coyle, Anthony Beauvillier
Custom OT Lines Defensemen
Jaccob Slavin, Neal Pionk, Chris Tanev, Adam Pelech, Hampus Lindholm

Scratches
Mike Reilly (Healthy), Matt Irwin (Healthy)

SPOKANE KNIGHTS

5 vs 5 Forward 
   Center                   Left Wing                Right Wing               Time % Phy DF OF 
 1 Patrice Bergeron         Matthew Tkachuk          Bryan Rust               34     1   1  3  
 2 Sebastian Aho            Jordan Weal              Patrick Kane             34     1   1  3  
 3 Paul Stastny             Justin Abdelkader        Valeri Nichushkin        16     1   2  2  
 4 Paul Stastny             Nick Foligno             Valeri Nichushkin        16     1   2  2  

5 vs 5 Defense 
   Defense                  Defense                                           Time % Phy DF OF 
 1 Victor Hedman            Duncan Keith                                      37     1   2  2  
 2 Cale Makar               Jared Spurgeon                                    30     1   2  2  
 3 Nick Foligno             Roman Polak                                       20     1   2  2  
 4 Cale Makar               Jared Spurgeon                                    13     1   2  2  

PowerPlay Forward 
   Center                   Left Wing                Right Wing               Time % Phy DF OF 
 1 Patrice Bergeron         Matthew Tkachuk          Patrick Kane             60     1   1  3  
 2 Paul Stastny             Nick Foligno             Bryan Rust               40     1   1  3  

PowerPlay Defense
   Defense                  Defense                                           Time % Phy DF OF 
 1 Sebastian Aho            Victor Hedman                                     60     0   1  4  
 2 Cale Makar               Duncan Keith                                      40     0   1  4  

Penalty Kill 4 Players Forward 
   Center                   Wing                     Time % Phy DF OF 
 1 Paul Stastny             Jordan Weal              60     1   3  1  
 2 Nick Foligno             Valeri Nichushkin        40     1   3  1  

Penalty Kill 4 Players Defense
   Defense                  Defense                  Time % Phy DF OF 
 1 Roman Polak              Duncan Keith             60     1   3  1  
 2 Victor Hedman            Jared Spurgeon           40     1   3  1  

Penalty Kill - 3 Players Forward 
   Forward                                           Time % Phy DF OF 
 1 Patrice Bergeron                                  60     0   5  0  
 2 Paul Stastny                                      40     0   5  0  

Penalty Kill - 3 Players Defense
   Defense                  Defense                  Time % Phy DF OF 
 1 Duncan Keith             Victor Hedman            60     0   5  0  
 2 Sebastian Aho            Jared Spurgeon           40     0   5  0  

4 vs 4 Forward 
   Center                   Wing                     Time % Phy DF OF 
 1 Patrice Bergeron         Bryan Rust               50     1   2  2  
 2 Paul Stastny             Patrick Kane             50     1   2  2  

4 vs 4 Defense
   Defense                  Defense                  Time % Phy DF OF 
 1 Duncan Keith             Victor Hedman            60     1   2  2  
 2 Jared Spurgeon           Sebastian Aho            40     1   2  2  

Last Minutes Offensive
   Center                   Left Wing                Right Wing               Defense                  Defense                  
   Patrice Bergeron         Bryan Rust               Patrick Kane             Sebastian Aho            Victor Hedman            

Last Minutes Defensive
   Center                   Left Wing                Right Wing               Defense                  Defense                  
   Patrice Bergeron         Paul Stastny             Sebastian Aho            Duncan Keith             Victor Hedman            

Goaltenders
Starting : Frederik Andersen        
Backup : Mike Smith               

Extra Forwards
Normal : Tyler Pitlick, Garnet Hathaway, Justin Abdelkader - PP : Patrick Kane, Jordan Weal - PK : Tyler Pitlick
Extra Defensemen
Normal : Mario Ferraro, Roman Polak, Jared Spurgeon - PP : Jared Spurgeon - PK : Cale Makar, Mario Ferraro
Penalty Shots
Patrice Bergeron, Patrick Kane, Sebastian Aho, Matthew Tkachuk, Valeri Nichushkin
Custom OT Lines Forwards
Patrice Bergeron, Bryan Rust, Sebastian Aho, Patrick Kane, Paul Stastny, Matthew Tkachuk, Nick Foligno, Jordan Weal, Valeri Nichushkin, Justin Abdelkader
Custom OT Lines Defensemen
Victor Hedman, Duncan Keith, Cale Makar, Jared Spurgeon, Roman Polak

Scratches
Dan Hamhuis (Healthy), Gaetan Haas (Healthy)

% Time on Ice - SAN JOSE BRONCOS

Lines # - Real PCT - Wanted PCT - Time Play
Normal Forward
1 - 33% - 36% - 16:39
2 - 30% - 33% - 15:17
3 - 26% - 25% - 13:21
4 - 10% - 6% - 5:15
Normal Defense
1 - 38% - 40% - 19:07
2 - 31% - 35% - 15:55
3 - 31% - 25% - 15:30
4 - 0% - 0% - 0:00
PP Forward
1 - 55% - 58% - 4:18
2 - 45% - 42% - 3:31
PP Defense
1 - 42% - 58% - 3:19
2 - 58% - 42% - 4:30
PK Forward
1 - 53% - 50% - 0:52
2 - 47% - 50% - 0:47
PK Defense
1 - 53% - 50% - 0:52
2 - 47% - 50% - 0:47
PK3 Forward
1 - 0% - 50%
2 - 0% - 50%
PK3 Defense
1 - 0% - 55%
2 - 0% - 45%
44 Forward
1 - 0% - 50%
2 - 0% - 50%
44 Defense
1 - 0% - 50%
2 - 0% - 50%
Last Minute Offensive  - 0:00
Last Minute Defensive  - 0:00
Total
Forward - 60:00
Defense - 60:00

% Time on Ice - SPOKANE KNIGHTS

Lines # - Real PCT - Wanted PCT - Time Play
Normal Forward
1 - 36% - 34% - 17:57
2 - 32% - 34% - 16:09
3 - 16% - 16% - 8:20
4 - 16% - 16% - 8:06
Normal Defense
1 - 34% - 37% - 17:17
2 - 32% - 30% - 16:09
3 - 21% - 20% - 10:38
4 - 13% - 13% - 6:28
PP Forward
1 - 8% - 60% - 0:08
2 - 92% - 40% - 1:31
PP Defense
1 - 92% - 60% - 1:31
2 - 8% - 40% - 0:08
PK Forward
1 - 70% - 60% - 5:27
2 - 30% - 40% - 2:22
PK Defense
1 - 62% - 60% - 4:51
2 - 38% - 40% - 2:58
PK3 Forward
1 - 0% - 60%
2 - 0% - 40%
PK3 Defense
1 - 0% - 60%
2 - 0% - 40%
44 Forward
1 - 0% - 50%
2 - 0% - 50%
44 Defense
1 - 0% - 60%
2 - 0% - 40%
Last Minute Offensive  - 0:00
Last Minute Defensive  - 0:00
Total
Forward - 60:00
Defense - 60:00

Play-by-Play

1st period


0:01 of 1st period - Brayden Point wins face-off versus Patrice Bergeron in neutral zone.
0:07 of 1st period - Icing by Duncan Keith.
0:08 of 1st period - Claude Giroux wins face-off versus Patrice Bergeron in SPOKANE KNIGHTS zone.
0:16 of 1st period - Patrice Bergeron is hit by Chris Tanev and loses puck.
1:08 of 1st period - Icing by Chris Tanev.
1:09 of 1st period - Evgeni Malkin wins face-off versus Sebastian Aho in SAN JOSE BRONCOS zone.
1:09 of 1st period - Evgeni Malkin is hit by Jordan Weal.
1:28 of 1st period - Sebastian Aho is hit by Hampus Lindholm and loses puck.
1:36 of 1st period - Icing by Evgeni Malkin.
1:37 of 1st period - Evgeni Malkin wins face-off versus Paul Stastny in SAN JOSE BRONCOS zone.
2:38 of 1st period - Shot by Sebastian Aho.
2:38 of 1st period - Shot Misses the Net.
2:40 of 1st period - Shot by Sebastian Aho.
2:40 of 1st period - Deflect By Patrick Kane.
2:40 of 1st period - Stopped by Jacob Markstrom with a rebound.
2:42 of 1st period - Shot by Sebastian Aho.
2:42 of 1st period - Stopped by Jacob Markstrom without a rebound.
2:43 of 1st period - Nick Bonino wins face-off versus Patrice Bergeron in SAN JOSE BRONCOS zone.
2:43 of 1st period - Anthony Beauvillier is hit by Matthew Tkachuk and loses puck.
3:04 of 1st period - Shot by Patrice Bergeron.
3:04 of 1st period - Deflect By Matthew Tkachuk.
3:04 of 1st period - Shot Misses the Net.
3:06 of 1st period - Shot by Patrice Bergeron.
3:06 of 1st period - Stopped by Jacob Markstrom with a rebound.
3:10 of 1st period - Shot by Patrice Bergeron.
3:10 of 1st period - Shot Blocked by Marco Scandella.
3:32 of 1st period - Shot by Bryan Rust.
3:32 of 1st period - Goal by Bryan Rust - SAN JOSE BRONCOS : 0 - SPOKANE KNIGHTS : 1.
3:33 of 1st period - Paul Stastny wins face-off versus Tyler Motte in neutral zone.
3:57 of 1st period - Off-side.
3:58 of 1st period - Brayden Point wins face-off versus Sebastian Aho in neutral zone.
5:22 of 1st period - Shot by Paul Stastny.
5:22 of 1st period - Shot Misses the Net.
6:17 of 1st period - Shot by Bryan Rust.
6:17 of 1st period - Stopped by Jacob Markstrom without a rebound.
6:18 of 1st period - Evgeni Malkin wins face-off versus Sebastian Aho in SAN JOSE BRONCOS zone.
6:27 of 1st period - Shot by Patrick Kane.
6:27 of 1st period - Shot Blocked by Marco Scandella.
6:29 of 1st period - Shot by Jared Spurgeon.
6:29 of 1st period - Stopped by Jacob Markstrom without a rebound.
6:30 of 1st period - Paul Stastny wins face-off versus Charlie Coyle in SAN JOSE BRONCOS zone.
7:02 of 1st period - Valeri Nichushkin is hit by Marco Scandella and loses puck.
7:43 of 1st period - Icing by Cale Makar.
7:44 of 1st period - Patrice Bergeron wins face-off versus Oliver Bjorkstrand in SPOKANE KNIGHTS zone.
8:07 of 1st period - Brayden Point is hit by Jared Spurgeon and loses puck.
8:56 of 1st period - Shot by Claude Giroux.
8:56 of 1st period - Deflect By Evgeni Malkin.
8:56 of 1st period - Shot Blocked by Nick Foligno.
9:06 of 1st period - Shot by Evgeni Malkin.
9:06 of 1st period - Stopped by Frederik Andersen without a rebound.
9:07 of 1st period - Paul Stastny wins face-off versus Nick Bonino in SPOKANE KNIGHTS zone.
11:00 of 1st period - Connor Brown is hit by Jordan Weal and loses puck.
11:15 of 1st period - Shot by Bryan Rust.
11:15 of 1st period - Shot Misses the Net.
11:38 of 1st period - Shot by Brayden Point.
11:38 of 1st period - Shot Misses the Net.
11:40 of 1st period - Shot by Oliver Bjorkstrand.
11:40 of 1st period - Stopped by Frederik Andersen without a rebound.
11:41 of 1st period - Paul Stastny wins face-off versus Nick Bonino in SPOKANE KNIGHTS zone.
11:41 of 1st period - Duncan Keith is hit by Craig Smith and loses puck.
11:59 of 1st period - Shot by Craig Smith.
11:59 of 1st period - Stopped by Frederik Andersen without a rebound.
12:00 of 1st period - Patrice Bergeron wins face-off versus Brayden Point in SPOKANE KNIGHTS zone.
12:17 of 1st period - Shot by Matthew Tkachuk.
12:17 of 1st period - Stopped by Jacob Markstrom without a rebound.
12:18 of 1st period - Sebastian Aho wins face-off versus Nick Bonino in SAN JOSE BRONCOS zone.
12:45 of 1st period - Shot by Nick Bonino.
12:45 of 1st period - Deflect By Anthony Beauvillier.
12:45 of 1st period - Stopped by Frederik Andersen without a rebound.
12:46 of 1st period - Paul Stastny wins face-off versus Elias Lindholm in SPOKANE KNIGHTS zone.
14:11 of 1st period - Shot by Claude Giroux.
14:11 of 1st period - Stopped by Frederik Andersen without a rebound.
14:12 of 1st period - Nick Bonino wins face-off versus Patrice Bergeron in SPOKANE KNIGHTS zone.
14:15 of 1st period - Shot by Anthony Beauvillier.
14:15 of 1st period - Stopped by Frederik Andersen without a rebound.
14:16 of 1st period - Nick Bonino wins face-off versus Sebastian Aho in SPOKANE KNIGHTS zone.
14:34 of 1st period - Icing by Victor Hedman.
14:35 of 1st period - Brayden Point wins face-off versus Sebastian Aho in SPOKANE KNIGHTS zone.
14:36 of 1st period - Shot by Elias Lindholm.
14:36 of 1st period - Stopped by Frederik Andersen without a rebound.
14:37 of 1st period - Brayden Point wins face-off versus Patrice Bergeron in SPOKANE KNIGHTS zone.
14:46 of 1st period - Shot by Victor Hedman.
14:46 of 1st period - Stopped by Jacob Markstrom without a rebound.
14:47 of 1st period - Brayden Point wins face-off versus Sebastian Aho in SAN JOSE BRONCOS zone.
15:01 of 1st period - Brayden Point is hit by Jared Spurgeon and loses puck.
16:07 of 1st period - Shot by Bryan Rust.
16:07 of 1st period - Shot Blocked by Hampus Lindholm.
16:09 of 1st period - Shot by Bryan Rust.
16:09 of 1st period - Shot Misses the Net.
16:11 of 1st period - Shot by Bryan Rust.
16:11 of 1st period - Stopped by Jacob Markstrom without a rebound.
16:12 of 1st period - Nick Bonino wins face-off versus Valeri Nichushkin in SAN JOSE BRONCOS zone.
16:49 of 1st period - Shot by Paul Stastny.
16:49 of 1st period - Shot Blocked by Adam Pelech.
16:57 of 1st period - Paul Stastny is hit by Craig Smith.
17:43 of 1st period - Shot by Evgeni Malkin.
17:43 of 1st period - Stopped by Frederik Andersen without a rebound.
17:44 of 1st period - Sebastian Aho wins face-off versus Brayden Point in SPOKANE KNIGHTS zone.
18:05 of 1st period - Sebastian Aho is hit by Elias Lindholm and loses puck.
18:13 of 1st period - Elias Lindholm is hit by Victor Hedman and loses puck.
18:24 of 1st period - Shot by Elias Lindholm.
18:24 of 1st period - Shot Misses the Net.
Goals for this period are 0 for SAN JOSE BRONCOS vs 1 for SPOKANE KNIGHTS.
Shots for this period are 8 for SAN JOSE BRONCOS vs 9 for SPOKANE KNIGHTS.

2nd period


0:01 of 2nd period - Brayden Point wins face-off versus Sebastian Aho in neutral zone.
0:28 of 2nd period - Shot by Patrick Kane.
0:28 of 2nd period - Stopped by Jacob Markstrom without a rebound.
0:29 of 2nd period - Evgeni Malkin wins face-off versus Paul Stastny in SAN JOSE BRONCOS zone.
0:36 of 2nd period - Shot by Claude Giroux.
0:36 of 2nd period - Shot Misses the Net.
0:38 of 2nd period - Shot by Evgeni Malkin.
0:38 of 2nd period - Shot Misses the Net.
0:40 of 2nd period - Shot by Claude Giroux.
0:40 of 2nd period - Shot Misses the Net.
0:42 of 2nd period - Shot by Hampus Lindholm.
0:42 of 2nd period - Shot Misses the Net.
0:59 of 2nd period - Evgeni Malkin is hit by Victor Hedman and loses puck.
1:02 of 2nd period - Shot by Evgeni Malkin.
1:02 of 2nd period - Shot Blocked by Paul Stastny.
1:04 of 2nd period - Shot by Claude Giroux.
1:04 of 2nd period - Stopped by Frederik Andersen without a rebound.
1:05 of 2nd period - Patrice Bergeron wins face-off versus Elias Lindholm in SPOKANE KNIGHTS zone.
1:14 of 2nd period - Shot by Brayden Point.
1:14 of 2nd period - Stopped by Frederik Andersen without a rebound.
1:15 of 2nd period - Patrick Kane wins face-off versus Brayden Point in SPOKANE KNIGHTS zone.
1:42 of 2nd period - Shot by Brayden Point.
1:42 of 2nd period - Shot Hit the Post.
1:44 of 2nd period - Shot by Elias Lindholm.
1:44 of 2nd period - Stopped by Frederik Andersen with a rebound.
1:54 of 2nd period - Patrick Kane is hit by Oliver Bjorkstrand and loses puck.
4:16 of 2nd period - Shot by Nick Bonino.
4:16 of 2nd period - Shot Hit the Post.
4:51 of 2nd period - Sebastian Aho is hit by Adam Pelech and loses puck.
5:18 of 2nd period - Shot by Patrice Bergeron.
5:18 of 2nd period - Deflect By Bryan Rust.
5:18 of 2nd period - Stopped by Jacob Markstrom without a rebound.
5:19 of 2nd period - Evgeni Malkin wins face-off versus Patrice Bergeron in SAN JOSE BRONCOS zone.
5:23 of 2nd period - Off-side.
5:24 of 2nd period - Evgeni Malkin wins face-off versus Paul Stastny in neutral zone.
5:53 of 2nd period - Icing by Nick Foligno.
5:54 of 2nd period - Paul Stastny wins face-off versus Brayden Point in SPOKANE KNIGHTS zone.
6:05 of 2nd period - Neal Pionk is hit by Tyler Pitlick and loses puck.
6:20 of 2nd period - Shot by Bryan Rust.
6:20 of 2nd period - Shot Misses the Net.
6:22 of 2nd period - Shot by Cale Makar.
6:22 of 2nd period - Stopped by Jacob Markstrom without a rebound.
6:23 of 2nd period - Charlie Coyle wins face-off versus Patrice Bergeron in SAN JOSE BRONCOS zone.
7:24 of 2nd period - Icing by Neal Pionk.
7:25 of 2nd period - Evgeni Malkin wins face-off versus Sebastian Aho in SAN JOSE BRONCOS zone.
7:54 of 2nd period - Shot by Connor Brown.
7:54 of 2nd period - Shot Blocked by Victor Hedman.
8:53 of 2nd period - Shot by Valeri Nichushkin.
8:53 of 2nd period - Shot Misses the Net.
8:55 of 2nd period - Shot by Paul Stastny.
8:55 of 2nd period - Deflect By Valeri Nichushkin.
8:55 of 2nd period - Shot Blocked by Elias Lindholm.
8:57 of 2nd period - Shot by Paul Stastny.
8:57 of 2nd period - Stopped by Jacob Markstrom with a rebound.
8:59 of 2nd period - Shot by Valeri Nichushkin.
8:59 of 2nd period - Shot Misses the Net.
9:47 of 2nd period - Shot by Bryan Rust.
9:47 of 2nd period - Stopped by Jacob Markstrom without a rebound.
9:48 of 2nd period - Patrice Bergeron wins face-off versus Nick Bonino in SAN JOSE BRONCOS zone.
10:01 of 2nd period - Shot by Bryan Rust.
10:01 of 2nd period - Stopped by Jacob Markstrom with a rebound.
10:03 of 2nd period - Shot by Jared Spurgeon.
10:03 of 2nd period - Shot Misses the Net.
10:05 of 2nd period - Shot by Jared Spurgeon.
10:05 of 2nd period - Shot Blocked by Hampus Lindholm.
10:07 of 2nd period - Shot by Jared Spurgeon.
10:07 of 2nd period - Shot Misses the Net.
10:09 of 2nd period - Shot by Bryan Rust.
10:09 of 2nd period - Stopped by Jacob Markstrom without a rebound.
10:10 of 2nd period - Claude Giroux wins face-off versus Paul Stastny in SAN JOSE BRONCOS zone.
10:24 of 2nd period - Icing by Victor Hedman.
10:25 of 2nd period - Paul Stastny wins face-off versus Nick Bonino in SPOKANE KNIGHTS zone.
10:36 of 2nd period - Shot by Valeri Nichushkin.
10:36 of 2nd period - Deflect By Nick Foligno.
10:36 of 2nd period - Stopped by Jacob Markstrom without a rebound.
10:37 of 2nd period - Sebastian Aho wins face-off versus Evgeni Malkin in SAN JOSE BRONCOS zone.
11:14 of 2nd period - Neal Pionk is hit by Jared Spurgeon.
11:56 of 2nd period - Minor Penalty to Sebastian Aho for Hooking.
11:57 of 2nd period - Paul Stastny wins face-off versus Brayden Point in SPOKANE KNIGHTS zone.
13:00 of 2nd period - Shot by Jaccob Slavin.
13:00 of 2nd period - Shot Blocked by Roman Polak.
13:40 of 2nd period - Shot by Nick Foligno.
13:40 of 2nd period - Shot Misses the Net.
13:42 of 2nd period - Shot by Valeri Nichushkin.
13:42 of 2nd period - Shot Misses the Net.
13:44 of 2nd period - Shot by Nick Foligno.
13:44 of 2nd period - Goal by Nick Foligno - SAN JOSE BRONCOS : 0 - SPOKANE KNIGHTS : 2.
13:45 of 2nd period - Claude Giroux wins face-off versus Nick Foligno in neutral zone.
13:52 of 2nd period - Shot by Evgeni Malkin.
13:52 of 2nd period - Shot Misses the Net.
14:13 of 2nd period - Icing by Cale Makar.
14:14 of 2nd period - Patrice Bergeron wins face-off versus Nick Bonino in SPOKANE KNIGHTS zone.
14:25 of 2nd period - Shot by Bryan Rust.
14:25 of 2nd period - Shot Misses the Net.
14:34 of 2nd period - Matthew Tkachuk is hit by Adam Pelech and loses puck.
14:43 of 2nd period - Shot by Patrice Bergeron.
14:43 of 2nd period - Deflect By Bryan Rust.
14:43 of 2nd period - Stopped by Jacob Markstrom without a rebound.
14:44 of 2nd period - Patrick Kane wins face-off versus Brayden Point in SAN JOSE BRONCOS zone.
16:03 of 2nd period - Off-side.
16:04 of 2nd period - Paul Stastny wins face-off versus Nick Bonino in neutral zone.
18:01 of 2nd period - Patrice Bergeron is hit by Tyler Motte and loses puck.
18:16 of 2nd period - Shot by Charlie Coyle.
18:16 of 2nd period - Shot Misses the Net.
18:18 of 2nd period - Shot by Tyler Motte.
18:18 of 2nd period - Deflect By Charlie Coyle.
18:18 of 2nd period - Stopped by Frederik Andersen with a rebound.
18:20 of 2nd period - Shot by Tyler Motte.
18:20 of 2nd period - Stopped by Frederik Andersen with a rebound.
18:51 of 2nd period - Shot by Elias Lindholm.
18:51 of 2nd period - Shot Blocked by Victor Hedman.
19:01 of 2nd period - Shot by Brayden Point.
19:01 of 2nd period - Stopped by Frederik Andersen without a rebound.
19:02 of 2nd period - Nick Bonino wins face-off versus Paul Stastny in SPOKANE KNIGHTS zone.
Goals for this period are 0 for SAN JOSE BRONCOS vs 1 for SPOKANE KNIGHTS.
Shots for this period are 6 for SAN JOSE BRONCOS vs 10 for SPOKANE KNIGHTS.

3rd period


0:01 of 3rd period - Brayden Point wins face-off versus Paul Stastny in neutral zone.
1:38 of 3rd period - Shot by Evgeni Malkin.
1:38 of 3rd period - Shot Blocked by Valeri Nichushkin.
1:38 of 3rd period - Valeri Nichushkin from SPOKANE KNIGHTS is injured at 1:38 of 3rd period (Sore Right Knee).
1:39 of 3rd period - Sebastian Aho wins face-off versus Anthony Beauvillier in SPOKANE KNIGHTS zone.
1:51 of 3rd period - Off-side.
1:52 of 3rd period - Bryan Rust wins face-off versus David Kampf in neutral zone.
2:38 of 3rd period - Icing by Patrice Bergeron.
2:39 of 3rd period - Patrice Bergeron wins face-off versus Brayden Point in SPOKANE KNIGHTS zone.
3:00 of 3rd period - Shot by Sebastian Aho.
3:00 of 3rd period - Stopped by Jacob Markstrom without a rebound.
3:01 of 3rd period - Sebastian Aho wins face-off versus Evgeni Malkin in SAN JOSE BRONCOS zone.
3:01 of 3rd period - Patrick Kane is hit by Chris Tanev and loses puck.
3:18 of 3rd period - Shot by Evgeni Malkin.
3:18 of 3rd period - Shot Misses the Net.
3:20 of 3rd period - Shot by Evgeni Malkin.
3:20 of 3rd period - Shot Misses the Net.
3:45 of 3rd period - Shot by Connor Brown.
3:45 of 3rd period - Stopped by Frederik Andersen without a rebound.
3:46 of 3rd period - Paul Stastny wins face-off versus Brayden Point in SPOKANE KNIGHTS zone.
4:00 of 3rd period - Shot by Oliver Bjorkstrand.
4:00 of 3rd period - Deflect By Brayden Point.
4:00 of 3rd period - Shot Blocked by Roman Polak.
4:18 of 3rd period - Shot by Paul Stastny.
4:18 of 3rd period - Stopped by Jacob Markstrom without a rebound.
4:19 of 3rd period - Bryan Rust wins face-off versus Nick Bonino in SAN JOSE BRONCOS zone.
4:26 of 3rd period - Shot by Matthew Tkachuk.
4:26 of 3rd period - Stopped by Jacob Markstrom without a rebound.
4:27 of 3rd period - Patrice Bergeron wins face-off versus Craig Smith in SAN JOSE BRONCOS zone.
4:31 of 3rd period - Matthew Tkachuk is hit by Chris Tanev and loses puck.
4:47 of 3rd period - Shot by Nick Bonino.
4:47 of 3rd period - Stopped by Frederik Andersen with a rebound.
4:54 of 3rd period - Off-side.
4:55 of 3rd period - Brayden Point wins face-off versus Sebastian Aho in neutral zone.
5:04 of 3rd period - Shot by Sebastian Aho.
5:04 of 3rd period - Shot Blocked by Neal Pionk.
5:18 of 3rd period - Shot by Patrick Kane.
5:18 of 3rd period - Stopped by Jacob Markstrom without a rebound.
5:19 of 3rd period - Evgeni Malkin wins face-off versus Paul Stastny in SAN JOSE BRONCOS zone.
5:39 of 3rd period - Evgeni Malkin is hit by Jared Spurgeon.
5:44 of 3rd period - Minor Penalty to Cale Makar for Roughing.
5:45 of 3rd period - Brayden Point wins face-off versus Paul Stastny in SPOKANE KNIGHTS zone.
7:08 of 3rd period - Shot by Evgeni Malkin.
7:08 of 3rd period - Stopped by Frederik Andersen without a rebound.
7:09 of 3rd period - Nick Foligno wins face-off versus Evgeni Malkin in SPOKANE KNIGHTS zone.
7:58 of 3rd period - Off-side.
7:59 of 3rd period - Charlie Coyle wins face-off versus Patrice Bergeron in neutral zone.
8:01 of 3rd period - Neal Pionk is hit by Cale Makar and loses puck.
8:10 of 3rd period - Shot by Bryan Rust.
8:10 of 3rd period - Stopped by Jacob Markstrom without a rebound.
8:11 of 3rd period - Patrice Bergeron wins face-off versus Nick Bonino in SAN JOSE BRONCOS zone.
9:32 of 3rd period - Icing by Cale Makar.
9:33 of 3rd period - Paul Stastny wins face-off versus Brayden Point in SPOKANE KNIGHTS zone.
9:44 of 3rd period - Icing by Jaccob Slavin.
9:45 of 3rd period - Sebastian Aho wins face-off versus Brayden Point in SAN JOSE BRONCOS zone.
10:01 of 3rd period - Minor Penalty to Patrick Kane for Hooking.
10:02 of 3rd period - Evgeni Malkin wins face-off versus Paul Stastny in SPOKANE KNIGHTS zone.
11:21 of 3rd period - Icing by Neal Pionk.
11:22 of 3rd period - Brayden Point wins face-off versus Paul Stastny in SAN JOSE BRONCOS zone.
11:27 of 3rd period - Paul Stastny is hit by Elias Lindholm and loses puck.
11:47 of 3rd period - Shot by Brayden Point.
11:47 of 3rd period - Deflect By Elias Lindholm.
11:47 of 3rd period - Shot Misses the Net.
11:49 of 3rd period - Shot by Brayden Point.
11:49 of 3rd period - Stopped by Frederik Andersen without a rebound.
11:50 of 3rd period - Paul Stastny wins face-off versus Evgeni Malkin in SPOKANE KNIGHTS zone.
12:20 of 3rd period - Shot by Nick Bonino.
12:20 of 3rd period - Shot Blocked by Cale Makar.
12:22 of 3rd period - Shot by Craig Smith.
12:22 of 3rd period - Shot Misses the Net.
12:32 of 3rd period - Shot by Nick Bonino.
12:32 of 3rd period - Stopped by Frederik Andersen without a rebound.
12:33 of 3rd period - Paul Stastny wins face-off versus Evgeni Malkin in SPOKANE KNIGHTS zone.
13:06 of 3rd period - Shot by Connor Brown.
13:06 of 3rd period - Shot Blocked by Duncan Keith.
13:08 of 3rd period - Shot by Claude Giroux.
13:08 of 3rd period - Stopped by Frederik Andersen without a rebound.
13:09 of 3rd period - Brayden Point wins face-off versus Sebastian Aho in SPOKANE KNIGHTS zone.
13:27 of 3rd period - Icing by Patrick Kane.
13:28 of 3rd period - Sebastian Aho wins face-off versus Nick Bonino in SPOKANE KNIGHTS zone.
13:28 of 3rd period - Sebastian Aho is hit by Craig Smith.
13:45 of 3rd period - Patrick Kane is hit by Adam Pelech and loses puck.
14:07 of 3rd period - Minor Penalty to Marco Scandella for Interference.
14:08 of 3rd period - Paul Stastny wins face-off versus Evgeni Malkin in SAN JOSE BRONCOS zone.
14:31 of 3rd period - Shot by Sebastian Aho.
14:31 of 3rd period - Shot Misses the Net.
14:55 of 3rd period - Shot by Oliver Bjorkstrand.
14:55 of 3rd period - Shot Misses the Net.
15:23 of 3rd period - Hampus Lindholm is hit by Nick Foligno and loses puck.
15:46 of 3rd period - Shot by Patrice Bergeron.
15:46 of 3rd period - Goal by Patrice Bergeron - SAN JOSE BRONCOS : 0 - SPOKANE KNIGHTS : 3.
15:47 of 3rd period - Charlie Coyle wins face-off versus Patrice Bergeron in neutral zone.
16:19 of 3rd period - Cale Makar is hit by Neal Pionk and loses puck.
17:02 of 3rd period - Oliver Bjorkstrand is hit by Garnet Hathaway and loses puck.
17:12 of 3rd period - Icing by Chris Tanev.
17:13 of 3rd period - Brayden Point wins face-off versus Matthew Tkachuk in SAN JOSE BRONCOS zone.
17:31 of 3rd period - Shot by Elias Lindholm.
17:31 of 3rd period - Stopped by Frederik Andersen without a rebound.
17:32 of 3rd period - Sebastian Aho wins face-off versus Connor Brown in SPOKANE KNIGHTS zone.
18:07 of 3rd period - Minor Penalty to Cale Makar for Delaying the game.
18:08 of 3rd period - Paul Stastny wins face-off versus Brayden Point in SPOKANE KNIGHTS zone.
18:44 of 3rd period - Icing by Chris Tanev.
18:45 of 3rd period - Paul Stastny wins face-off versus Brayden Point in SAN JOSE BRONCOS zone.
19:04 of 3rd period - Victor Hedman is hit by Elias Lindholm.
19:49 of 3rd period - Jordan Weal is hit by Evgeni Malkin and loses puck.
19:59 of 3rd period - Off-side.
Goals for this period are 0 for SAN JOSE BRONCOS vs 1 for SPOKANE KNIGHTS.
Shots for this period are 7 for SAN JOSE BRONCOS vs 6 for SPOKANE KNIGHTS.


OWEN
TIPPETT
GUSTAV
FORSLING
MATTHEW
BOLDY

EAST COAST

HOCKEY LEAGUE

  • 67.PIT4RHI2
  • 68.ATL5WOR3
  • 69.QUECHW
  • 70.CHATRV